Map: Eternal Empire LE

Players

ShoWTimE

  • Race: Protoss Protoss
  • Spawn Location: 1:00

Reynor - Winner!

  • Race: Zerg Zerg
  • Spawn Location: 7:00

Event: IEM Katowice 2020

VOD

Have the link to the VOD?

Description

Time

  • Played on: Feb. 27, 2020, 10:24 a.m.
  • Length: 24:31

All games in this series

Show
View Real Time Build Order
Export as new Build Order

ShoWTimE Protoss 

Build Orders: 1 Gate Expand, Oracle Opening, Phoenix Opening, Archon Immortal 

Get SALT Encoding   

  12  0:00  Probe  
  13  0:12  Probe  
  14  0:18  Pylon  
  14  0:24  Probe (Chrono Boost)  
  15  0:37  Probe (Chrono Boost)  
  15  0:38  Gateway  
  16  0:44  Probe (Chrono Boost)  
  16  0:47  Assimilator  
  17  0:51  Probe  
  18  1:03  Probe  
  19  1:15  Probe  
  20  1:25  Nexus  
  20  1:28  Probe  
  21  1:38  Cybernetics Core  
  21  1:44  Assimilator  
  21  1:46  Probe  
  22  1:55  Pylon  
  22  1:59  Probe  
  23  2:12  Adept (Chrono Boost)  
  23  2:13  Probe  
  26  2:19  Stargate  
  26  2:25  Warp Gate, Probe  
  27  2:35  Stalker  
  29  2:37  Probe (Chrono Boost)  
  29  2:38  Probe (Chrono Boost)  
  31  2:48  Probe x2 (Chrono Boost)  
  33  2:52  Probe x2 (Chrono Boost)  
  35  3:01  Oracle (Chrono Boost)  
  35  3:04  Probe x2  
  40  3:09  Pylon  
  40  3:16  Probe x2  
  42  3:22  Gateway  
  42  3:28  Probe x2  
  42  3:29  Oracle (Chrono Boost)  
  47  3:36  Assimilator  
  47  3:40  Probe x2, Pylon  
  49  3:47  Assimilator  
  49  3:52  Probe x2  
  51  3:58  Phoenix (Chrono Boost), Pylon  
  53  4:04  Probe x2  
  53  4:06  Robotics Facility  
  55  4:16  Probe x2  
  57  4:20  Oracle (Chrono Boost)  
  57  4:22  Gateway  
  60  4:28  Probe, Gateway  
  61  4:38  Probe  
  62  4:44  Pylon  
  62  4:47  Gateway  
  62  4:51  Adept x2  
  66  4:55  Warp Prism (Chrono Boost)  
  66  4:57  Pylon  
  68  5:06  Nexus  
  68  5:08  Probe x2  
  68  5:13  Pylon  
  70  5:20  Probe x2  
  72  5:26  Sentry x3, Shield Battery  
  78  5:31  Immortal (Chrono Boost)  
  78  5:32  Probe x2  
  84  5:44  Probe x2  
  84  5:45  Forge  
  86  5:52  Sentry  
  86  5:54  Twilight Council  
  86  5:56  Probe x2  
  90  6:00  Immortal (Chrono Boost)  
  94  6:08  Pylon  
  94  6:10  Assimilator  
  94  6:15  Pylon  
  94  6:17  Assimilator  
  94  6:18  Probe x2  
  96  6:19  Adept  
  96  6:21  Probe, Protoss Ground Weapons Level 1 (Chrono Boost)  
  99  6:30  Probe x2, Charge  
  99  6:31  Observer (Chrono Boost)  
  102  6:33  Probe  
  99  6:42  Probe x2  
  99  6:45  Probe  
  102  6:50  Immortal  
  106  6:54  Probe x2  
  106  6:56  Templar Archives  
  106  6:57  Probe, Gateway  
  106  6:59  Gateway  
  109  7:01  Gateway x2  
  109  7:07  Photon Cannon  
  106  7:23  Pylon  
  106  7:25  Gateway  
  106  7:26  Phoenix (Chrono Boost)  
  106  7:27  Gateway  
  106  7:28  Stalker  
  114  7:30  Immortal  
  114  7:31  Photon Cannon  
  114  7:35  High Templar, Photon Cannon  
  114  7:36  High Templar  
  118  7:38  Stalker  
  118  7:41  Archon  
  118  7:43  Phoenix (Chrono Boost)  
  120  7:45  Shield Battery  
  122  7:52  Stalker x2  
  122  7:57  Probe, Pylon  
  122  7:58  Probe  
  121  7:59  Phoenix (Chrono Boost)  
  121  8:01  Probe  
  124  8:09  Probe  
  123  8:21  Phoenix (Chrono Boost)  
  123  8:22  High Templar, Stargate, Shield Battery  
  123  8:23  High Templar x2  
  123  8:24  High Templar  
  133  8:27  Protoss Ground Weapons Level 2 (Chrono Boost), Archon  
  133  8:28  Archon  
  133  8:31  Pylon  
  133  8:34  Zealot x4  
  141  8:40  Phoenix (Chrono Boost)  
  141  8:44  Pylon  
  141  8:53  Zealot x2  
  142  8:56  Pylon  
  142  9:02  Phoenix (Chrono Boost)  
  144  9:03  Zealot x2  
  144  9:04  Zealot  
  144  9:05  Zealot  
  144  9:08  Zealot  
  144  9:09  Phoenix (Chrono Boost), Zealot x2  
  131  9:19  Phoenix, Pylon  
  131  9:20  High Templar x2  
  122  9:24  Archon, Shield Battery  
  109  9:35  Zealot x2  
  108  9:47  Zealot x2  
  100  9:57  Phoenix x2 (Chrono Boost)  
  86  10:01  Zealot x4  
  84  10:17  Pylon  
  84  10:19  Phoenix (Chrono Boost)  
  86  10:22  Phoenix (Chrono Boost)  
  86  10:26  Warp Prism (Chrono Boost)  
  84  10:33  High Templar  
  84  10:34  High Templar  
  84  10:35  Pylon  
  90  10:38  Archon  
  90  10:48  Zealot x3  
  96  10:55  Phoenix  
  98  11:07  Gateway  
  98  11:08  Pylon  
  98  11:09  Phoenix  
  100  11:16  Zealot  
  102  11:19  Sentry x2  
  102  11:23  Stalker  
  104  11:28  Zealot  
  84  11:42  Zealot x3  
  88  11:57  Immortal (Chrono Boost)  
  90  12:19  Cybernetics Core  
  88  12:23  Zealot x5  
  96  12:34  Immortal (Chrono Boost)  
  79  13:00  Nexus  
  79  13:05  High Templar x2  
  81  13:09  Archon  
  81  13:10  High Templar  
  81  13:11  High Templar  
  85  13:15  Archon  
  85  13:17  Probe x2  
  81  13:29  Probe  
  82  13:40  Probe  
  83  13:41  Pylon  
  83  13:44  Sentry x3  
  89  13:51  Immortal (Chrono Boost)  
  93  14:04  Shield Battery  
  93  14:07  Shield Battery  
  93  14:10  Sentry  
  93  14:11  Sentry  
  97  14:20  Shield Battery  
  97  14:22  Zealot  
  99  14:34  Sentry x2  
  101  14:45  Zealot x2  
  105  14:48  Shield Battery  
  105  14:49  Pylon  
  99  15:00  Immortal (Chrono Boost)  
  99  15:01  Zealot x2  
  107  15:07  Assimilator  
  107  15:11  Zealot x2  
  109  15:25  Assimilator  
  109  15:29  Immortal (Chrono Boost)  
  109  15:33  Psionic Storm  
  113  15:38  High Templar x2  
  113  15:40  Observer  
  117  15:44  Pylon  
  117  15:53  Nexus  
  117  15:56  High Templar  
  119  16:13  High Templar  
  119  16:15  Photon Cannon  
  119  16:18  Photon Cannon  
  121  16:20  Probe x2, Shield Battery  
  121  16:21  Probe  
  121  16:22  Pylon  
  124  16:31  High Templar  
  124  16:32  Probe x2  
  127  16:33  Probe  
  129  16:44  Probe  
  129  16:45  Probe x2  
  129  16:46  Zealot x3  
  138  16:57  Gateway  
  138  17:00  Gateway  
  138  17:05  Zealot x2  
  142  17:13  High Templar  
  142  17:14  High Templar  
  146  17:15  Assimilator  
  146  17:20  Archon  
  146  17:21  Assimilator  
  146  17:22  Probe  
  147  17:34  High Templar x2, Zealot  
  153  17:38  Archon  
  153  17:43  Probe  
  149  17:46  Zealot x2  
  153  17:53  Observer  
  153  18:01  Zealot x3  
  153  18:03  Probe, Pylon  
  142  18:18  Zealot x2  
  142  18:19  Zealot x2  
  150  18:29  Zealot x3  
  150  18:33  Protoss Ground Weapons Level 3 (Chrono Boost)  
  156  18:40  Probe x3  
  151  18:42  Probe, Pylon  
  151  18:43  Nexus  
  151  18:46  High Templar x2  
  146  18:50  Archon  
  146  18:53  Zealot x2  
  144  18:59  Zealot  
  140  19:04  Probe x3  
  140  19:05  High Templar  
  145  19:12  High Templar  
  145  19:14  High Templar x2  
  151  19:18  Archon  
  151  19:19  High Templar  
  153  19:28  Zealot x2  
  157  19:47  Photon Cannon  
  157  19:49  Archon  
  157  19:50  High Templar x2, Photon Cannon  
  157  19:51  Zealot x2  
  165  19:55  Photon Cannon  
  165  19:57  Zealot  
  165  19:59  Archon  
  167  20:01  Zealot x2  
  165  20:13  Zealot x2  
  157  20:21  Unknown  
  157  20:23  Photon Cannon  
  155  20:29  High Templar x3, Zealot  
  155  20:30  High Templar  
  155  20:33  Probe  
  155  20:34  Probe x2  
  155  20:35  Archon x2  
  168  20:47  Fleet Beacon  
  168  20:49  Stargate  
  164  20:54  Zealot x3  
  154  21:07  High Templar  
  154  21:08  High Templar, Zealot x2  
  158  21:13  Archon  
  158  21:20  Mothership (Chrono Boost)  
  158  21:22  Gateway  
  158  21:24  Gateway  
  158  21:28  Zealot x2  
  158  21:29  Zealot x3  
  166  21:40  High Templar  
  166  21:45  Carrier (Chrono Boost)  
  170  21:57  High Templar, Zealot x5  
  188  22:15  Carrier (Chrono Boost)  
  188  22:16  Zealot  
  188  22:18  Pylon  
  186  22:35  Protoss Air Weapons Level 1  
  150  22:37  High Templar x2  
  150  22:38  Zealot x5  
  147  22:46  Carrier (Chrono Boost)  
  153  22:56  High Templar, Zealot x3  
  161  22:59  Nexus  
  143  23:12  High Templar x2, Zealot  
  141  23:13  Zealot x2  
  139  23:24  Zealot x2  
  139  23:25  Zealot  
  144  23:30  Zealot  
  138  23:35  Zealot x2  
  138  23:44  Oracle  
  138  23:46  Observer (Chrono Boost)  
  141  23:57  High Templar  
  141  23:58  High Templar  
  143  24:03  Archon  
  141  24:10  Zealot  
  132  24:23  Zealot  
Show
View Real Time Build Order
Export as new Build Order

Reynor Zerg - Winner!

Build Orders: Hatch First 

Get SALT Encoding   

  12  0:00  Drone  
  13  0:12  Overlord  
  13  0:16  Drone  
  14  0:30  Drone  
  14  0:31  Drone  
  16  0:48  Hatchery  
  15  0:51  Drone  
  15  0:55  Drone  
  17  0:58  Drone  
  18  1:08  Extractor  
  17  1:14  Spawning Pool  
  17  1:17  Drone  
  17  1:20  Drone  
  18  1:27  Drone  
  19  1:38  Drone  
  20  1:49  Overlord  
  20  2:00  Queen x2  
  24  2:01  Zergling x4  
  26  2:11  Drone x2  
  26  2:13  Metabolic Boost  
  28  2:21  Drone x2  
  30  2:35  Hatchery  
  29  2:39  Drone  
  29  2:41  Drone  
  29  2:43  Drone  
  32  2:45  Drone  
  33  2:53  Zergling x2  
  33  2:55  Overlord  
  34  3:01  Queen  
  35  3:13  Drone x2  
  35  3:14  Drone x2, Overlord  
  35  3:17  Zergling x4  
  41  3:22  Drone x2  
  41  3:25  Overlord  
  43  3:36  Drone x2  
  43  3:38  Roach Warren  
  43  3:40  Drone x2  
  46  3:43  Drone  
  46  3:44  Drone x2  
  49  3:51  Lair  
  49  3:53  Extractor  
  49  3:54  Extractor  
  47  3:57  Drone x2  
  47  3:59  Drone  
  47  4:00  Drone  
  51  4:05  Zergling x4  
  53  4:10  Overlord  
  53  4:13  Drone x2  
  55  4:19  Roach x4  
  55  4:21  Roach  
  65  4:26  Overlord  
  65  4:29  Spore Crawler  
  63  4:32  Drone x2  
  63  4:33  Drone  
  63  4:35  Drone  
  60  4:42  Roach  
  62  4:46  Roach  
  64  4:56  Drone  
  64  4:57  Drone x5  
  70  5:00  Extractor  
  70  5:04  Drone x3  
  72  5:07  Drone  
  72  5:08  Drone  
  72  5:13  Spore Crawler, Drone  
  74  5:22  Spore Crawler  
  74  5:23  Drone  
  74  5:24  Overlord  
  74  5:31  Overlord  
  74  5:43  Drone x8  
  74  5:49  Spire  
  81  5:50  Drone x2  
  81  5:51  Drone x2  
  81  5:54  Overlord  
  85  5:58  Drone, Evolution Chamber  
  85  6:03  Drone  
  85  6:05  Drone x4  
  89  6:11  Extractor  
  89  6:12  Extractor, Drone  
  89  6:17  Overlord  
  88  6:20  Queen  
  88  6:24  Zerg Melee Weapons Level 1  
  88  6:25  Drone x5  
  95  6:27  Overlord  
  95  6:38  Drone x2  
  93  6:50  Drone x3  
  94  6:55  Hatchery  
  94  7:00  Mutalisk x5  
  94  7:01  Mutalisk x2  
  103  7:05  Mutalisk x2  
  103  7:07  Mutalisk  
  113  7:15  Overlord  
  109  7:17  Drone x3  
  110  7:26  Mutalisk x2  
  110  7:28  Overlord x2  
  110  7:29  Zerg Flyer Weapons Level 1  
  114  7:33  Mutalisk  
  116  7:37  Zergling x2  
  116  7:38  Zergling x10  
  116  7:42  Overlord  
  122  7:45  Overlord  
  122  7:47  Mutalisk x3  
  128  7:57  Mutalisk  
  126  8:01  Zergling x2  
  126  8:02  Zergling x10  
  130  8:07  Mutalisk x2  
  132  8:13  Unknown  
  132  8:16  Mutalisk  
  132  8:18  Zergling x22  
  144  8:24  Queen  
  144  8:25  Mutalisk  
  148  8:29  Mutalisk  
  148  8:30  Mutalisk  
  148  8:32  Overlord  
  151  8:36  Zergling x6  
  154  8:41  Mutalisk x2  
  158  8:52  Mutalisk x2  
  160  8:56  Zergling x2  
  160  8:57  Zergling x12  
  160  8:58  Overlord  
  164  9:04  Mutalisk x2  
  152  9:10  Mutalisk x2  
  152  9:13  Zergling x12  
  149  9:17  Zergling x4  
  149  9:20  Mutalisk  
  149  9:22  Zergling x2  
  151  9:26  Mutalisk  
  151  9:30  Mutalisk  
  152  9:32  Zergling x2  
  152  9:34  Zergling x6  
  154  9:41  Overlord  
  145  9:47  Mutalisk x2  
  145  9:51  Zergling x8  
  117  10:02  Drone x3  
  117  10:05  Drone x2  
  116  10:10  Drone x2  
  118  10:14  Glial Reconstitution  
  116  10:23  Drone, Zerg Missile Weapons Level 1  
  116  10:26  Drone  
  116  10:27  Drone  
  116  10:28  Drone  
  120  10:33  Drone x2  
  122  10:36  Roach x2  
  122  10:39  Baneling Nest  
  122  10:40  Drone  
  126  10:46  Roach x2  
  126  10:49  Roach x2  
  134  10:56  Roach x2  
  138  10:59  Overlord  
  138  11:01  Overlord  
  137  11:14  Overlord  
  137  11:17  Overlord  
  137  11:21  Overlord  
  135  11:28  Roach x6  
  135  11:29  Queen  
  135  11:37  Roach  
  118  11:41  Queen  
  118  11:42  Queen  
  118  11:45  Roach x3  
  118  11:53  Hydralisk Den  
  115  11:54  Zergling x6  
  109  12:09  Roach x3  
  108  12:25  Hydralisk x2  
  108  12:26  Hydralisk x4  
  120  12:32  Hydralisk x3  
  120  12:35  Muscular Augments  
  114  12:42  Hydralisk x3  
  109  12:46  Hydralisk x3  
  105  12:51  Hydralisk  
  105  12:56  Hydralisk x2  
  99  13:00  Hydralisk  
  99  13:03  Hydralisk  
  95  13:08  Hydralisk  
  97  13:14  Hydralisk  
  97  13:15  Zergling x4  
  101  13:25  Hydralisk  
  101  13:26  Zergling x4, Hydralisk  
  99  13:34  Hydralisk x2  
  103  13:46  Hydralisk x3  
  108  13:51  Hydralisk  
  108  13:52  Zergling x2  
  111  13:55  Grooved Spines  
  111  13:58  Spore Crawler  
  111  14:00  Zergling x2  
  111  14:01  Overseer  
  111  14:05  Zergling x6  
  114  14:11  Baneling x2  
  114  14:16  Hydralisk x2  
  116  14:21  Baneling  
  115  14:32  Hydralisk  
  115  14:33  Zergling x16  
  115  14:35  Ravager  
  118  14:43  Hydralisk x2  
  118  14:44  Zergling x4  
  121  14:47  Overlord  
  121  14:51  Hydralisk  
  109  15:03  Drone x2  
  109  15:05  Centrifical Hooks  
  111  15:09  Drone x4  
  115  15:19  Hatchery  
  113  15:25  Drone x3  
  113  15:26  Drone  
  117  15:31  Drone x3  
  119  15:40  Overlord  
  119  15:43  Overlord x2  
  119  15:49  Overlord  
  119  15:53  Baneling  
  119  15:54  Baneling x6  
  119  15:56  Zerg Melee Weapons Level 2  
  119  16:05  Zergling x8  
  123  16:12  Hydralisk  
  123  16:13  Zergling x6  
  128  16:22  Hydralisk  
  128  16:23  Zergling x6  
  128  16:25  Baneling x2  
  133  16:34  Hydralisk  
  133  16:35  Zergling x8  
  139  16:41  Drone x2  
  140  16:50  Hydralisk  
  140  16:51  Zergling x14  
  149  16:58  Drone  
  150  17:08  Hatchery  
  149  17:17  Zergling x2  
  149  17:18  Zergling x2  
  149  17:19  Baneling x8, Overlord  
  149  17:20  Overlord x2  
  151  17:24  Infestation Pit  
  143  17:31  Zergling x2, Hydralisk  
  143  17:32  Zergling x8  
  141  17:46  Drone x7  
  141  17:50  Hydralisk  
  150  17:54  Zergling x2  
  150  17:55  Zergling x2  
  150  17:57  Zergling x2  
  153  18:00  Zergling x2  
  153  18:03  Zergling x2  
  151  18:05  Zergling x2  
  151  18:06  Queen  
  151  18:10  Hydralisk  
  151  18:11  Zergling x2  
  150  18:13  Hydralisk  
  150  18:16  Zergling x2  
  150  18:18  Baneling x6  
  145  18:26  Zergling x6  
  148  18:38  Zergling x2, Hydralisk  
  148  18:39  Zergling x10  
  156  18:45  Zerg Missile Weapons Level 2  
  152  18:48  Zergling x6  
  152  18:54  Hydralisk  
  152  18:55  Zergling x2  
  153  19:05  Zergling x10, Hydralisk  
  160  19:16  Baneling x2  
  160  19:17  Baneling x2  
  159  19:22  Zergling x2, Hydralisk  
  159  19:23  Zergling x10  
  167  19:28  Hive  
  164  19:38  Hydralisk  
  164  19:39  Zergling x12  
  170  19:46  Hydralisk  
  170  19:47  Zergling x6  
  170  19:48  Baneling  
  175  19:54  Hydralisk x3  
  175  20:07  Zergling x14  
  175  20:08  Zergling x2  
  175  20:12  Zergling x4  
  181  20:18  Hydralisk  
  181  20:19  Hydralisk  
  180  20:23  Overlord x2  
  180  20:28  Hydralisk  
  182  20:42  Zergling x10, Hydralisk  
  187  20:43  Zergling x12  
  187  20:49  Zergling x6  
  191  20:50  Zergling x2  
  176  21:09  Hydralisk  
  176  21:10  Hydralisk x9  
  191  21:13  Zergling x4  
  192  21:20  Zergling x2, Hydralisk x2  
  192  21:25  Lurker Den, Extractor, Unknown  
  195  21:27  Overlord  
  192  21:33  Hydralisk  
  192  21:34  Zergling x10  
  197  21:46  Zergling x16  
  199  22:02  Baneling x8  
  199  22:03  Baneling x2  
  199  22:07  Extractor  
  199  22:08  Extractor  
  197  22:20  Extractor  
  194  22:32  Hatchery  
  194  22:33  Hydralisk  
  194  22:34  Zergling x24  
  194  22:35  Hydralisk  
  194  22:36  Zergling x16  
  197  22:39  Seismic Spines  
  197  22:40  Lurker  
  197  22:41  Lurker  
  197  22:43  Lurker  
  200  22:57  Overlord  
  200  23:04  Lurker x4  
  199  23:09  Zergling x2, Hydralisk  
  199  23:10  Zergling x4  
  193  23:22  Overseer  
  193  23:23  Viper  
  191  23:29  Zergling x2  
  191  23:30  Zergling x18  
  196  23:37  Overlord  
  187  23:46  Drone  
  187  23:48  Hydralisk  
  186  23:52  Hydralisk  
  186  23:53  Zergling x28  
  200  23:56  Overseer  

Tags
 
Add a new tag
Caveats
  • Supply blocks, unpowered buildings, or Contaminate may cause inaccurate times.
  • Supply counts are checked every 10 seconds.